 Dungeon Crawl Stone Soup version 0.23.1 (webtiles) character file.

Game seed: 1994520972352176909

17 Elpenore the Shooter (level 2, 0/24 HPs)
             Began as a Centaur Hunter on Mar 1, 2019.
             Slain by an adder (5 damage)
             ... on level 1 of the Dungeon.
             The game lasted 00:34:12 (1291 turns).

Elpenore the Shooter (Centaur Hunter)               Turns: 1291, Time: 00:34:13

Health: 0/24       AC:  4    Str: 14    XL:     2   Next: 44%
Magic:  2/2        EV:  9    Int: 10    God:
Gold:   17         SH:  0    Dex:  9    Spells: 1/1 levels left

rFire    . . .     SeeInvis .   a - +2 shortbow
rCold    . . .     Gourm    .   (shield currently unavailable)
rNeg     . . .     Faith    .   c - +0 leather armour
rPois    .         Spirit   .   (no helmet)
rElec    .         Reflect  .   (no cloak)
rCorr    .         Harm     .   (no gloves)
MR       .....                  (no barding)
Stlth    +.........             l - amulet of inaccuracy (curse)
HPRegen  0.08/turn              (no ring)
MPRegen  0.08/turn              (no ring)

@: very quick
A: large, hooves 3, deformed body, speed 2, tough skin 3
a: no special abilities


You were on level 1 of the Dungeon.
You were not hungry.

You visited 1 branch of the dungeon, and saw 2 of its levels.

You collected 17 gold pieces.

Inventory:

Hand Weapons
 a - a +2 shortbow (weapon)
 b - a +0 short sword
 g - a +0 club
 k - a +0 club
Missiles
 d - 13 arrows (quivered)
 j - 22 stones
Armour
 c - a +0 leather armour (worn)
 h - a +0 leather armour
Jewellery
 l - a cursed amulet of inaccuracy (around neck)
Potions
 i - a potion of lignification {unknown}
Comestibles
 f - 3 rations


   Skills:
 + Level 2.3 Fighting
 * Level 5.8 Bows
 + Level 1.6 Dodging
 - Level 0.4 Stealth


You had one spell level left.
You didn't know any spells.
Your spell library was empty.

Dungeon Overview and Level Annotations

Branches:
Dungeon (2/15)

Altars:


Innate Abilities, Weirdness & Mutations

You have hooves in place of feet.
Armour fits poorly on your strangely shaped body.
You cover ground very quickly.
You have extremely tough skin. (AC +3)


Message History

You feel sick.
You feel sick.
Wield which item (- for none, * to show all)? (? for menu, Esc to quit)
a - a +2 shortbow (weapon)
Firing (i - inventory. (/) - cycle)
d - 14 arrows (quivered)
Press: ? - help, Shift-Dir - straight line, f/p - adder
Aim: an adder (heavily wounded)
You shoot an arrow. The arrow misses the adder.
You feel sick.
You feel sick.
You are no longer poisoned.
The adder barely misses you.
You see here a +0 club.
The adder closely misses you.
You feel a little less agile now. The adder barely misses you.
The adder bites you.
* * * LOW HITPOINT WARNING * * *
The adder bites you.
You die...

#.###..........##)..............
#......≈....≈.....##############
#.#.............#.#
##.##............#)###
...##.....###....#...#
#######.....########.# .#
#.....# #.# .# #.....# ######.#
.# #.....# #.@....# .# #.....#
#S####.# .# ####### #.#....# .#
#.#.##.# .########### #.#.##>#
...........# #......#
.##..###...## ###.####
.##..##.....# #.#
............#####.#


You could see an adder.

Vanquished Creatures
  3 bats (D:1)
  2 goblins (D:1)
  6 hobgoblins (D:1)
  2 kobolds (D:1)
  A rat (D:1)
14 creatures vanquished.

Vanquished Creatures (others)
  A draconian (D:1)
  A vine stalker (D:1)
  An elf (D:1)
  A troll (D:1)
  A formicid (D:1)
  2 nagas (D:1)
  3 ogres (D:1)
  2 orcs (D:1)
  4 tentacles (D:1)
16 creatures vanquished.

Grand Total: 30 creatures vanquished

Notes
Turn   | Place    | Note
-------+----------+-------------------------------------------
     0 | D:1      | Elpenore the Centaur Hunter began the quest for the Orb.
     0 | D:1      | Reached XP level 1. HP: 17/17 MP: 1/1
     0 | D:1      | Noticed a draconian
     0 | D:1      | Noticed a vine stalker
     0 | D:1      | Noticed a naga
     0 | D:1      | Noticed a kraken
     0 | D:1      | Noticed an ogre
     0 | D:1      | Noticed a troll
     0 | D:1      | Noticed an ogre
     0 | D:1      | Noticed a formicid
     0 | D:1      | Noticed an ogre
     0 | D:1      | Noticed a naga
     0 | D:1      | Noticed an elf
     4 | D:1      | Killed a troll
     5 | D:1      | Killed an ogre
     6 | D:1      | Killed a formicid
     7 | D:1      | Killed a naga
     7 | D:1      | Killed a draconian
     7 | D:1      | Killed a vine stalker
    10 | D:1      | Killed an ogre
    10 | D:1      | Killed an elf
    11 | D:1      | Killed a naga
    16 | D:1      | Killed an ogre
   516 | D:1      | Reached XP level 2. HP: 14/24 MP: 2/2
  1291 | D:1      | Slain by an adder

Action                   || total
-------------------------++-------
Melee: Short sword       ||    40
       Kick              ||     3
 Fire: Shortbow          ||    38
  Use: Scroll            ||     2
       Potion            ||     2
Armor: Leather armour    ||    29
Dodge: Dodged            ||    39
